 Dungeon Crawl Stone Soup version 0.27.0-1-g7a089689b8 (webtiles) character file.

Game seed: 16630723531435727253

35 RepoMan the Gusty (level 3, -1/16 HPs)
             Began as a Vine Stalker Air Elementalist on Aug 8, 2021.
             Succumbed to a scorpion's poison
             ... on level 2 of the Dungeon.
             The game lasted 00:06:28 (1413 turns).

RepoMan the Gusty (Vine Stalker Air Elementalist)   Turns: 1413, Time: 00:06:29

Health: -1/16      AC:  2    Str: 10    XL:     3   Next: 35%
Magic:  0/7        EV: 12    Int: 16    God:
Gold:   27         SH:  0    Dex: 14    Spells: 4/7 levels left

rFire    + . .     SeeInvis .   d - +0 whip (freeze)
rCold    . . .     Faith    .   (no shield)
rNeg     . . .     Spirit   +   a - +0 robe
rPois    .         Reflect  .   (no helmet)
rElec    .         Harm     .   (no cloak)
rCorr    .         Rampage  .   (no gloves)
Will     .....                  (no boots)
Stlth    ++........             (no amulet)
HPRegen  0.05/turn              e - ring of protection from fire
MPRegen  0.10/turn              (no ring)

@: lethally poisoned (-1 -> -8), attractive
A: fangs 2, magic shield, antimagic bite, no potion heal 2
a: no special abilities


You were on level 2 of the Dungeon.
You visited 1 branch of the dungeon, and saw 2 of its levels.

You collected 27 gold pieces.

Inventory:

Hand Weapons
 d - a +0 whip of freezing (weapon)
Armour
 a - a +0 robe (worn)
Jewellery
 e - a ring of protection from fire (left hand)
Scrolls
 b - a scroll of noise {unknown}
 c - a scroll of teleportation {unknown}


   Skills:
 - Level 1.5 Dodging
 - Level 2.4 Stealth
 + Level 2.6 Spellcasting
 + Level 1.7 Conjurations
 * Level 3.7 Air Magic


You had 4 spell levels left.
You knew the following spells:

 Your Spells              Type           Power      Damage    Failure   Level
d - Static Discharge      Conj/Air       10%        N/A       10%         2
z - Shock                 Conj/Air       40%        1d5       6%          1

Your spell library contained the following spells:

 Spells                   Type           Power      Damage    Failure   Level
 Swiftness                Air            14%        N/A       13%         3
 Airstrike                Air            7%         N/A       38%         4


Dungeon Overview and Level Annotations

Branches:
Dungeon (2/15)

Altars:


Innate Abilities, Weirdness & Mutations

You have extremely sharp teeth.
When hurt, damage is shared between your health and your magic reserves.
Your bite disrupts and absorbs the magic of your enemies.
Potions cannot restore your health.


Message History

Casting: Shock (safe; 6% risk of failure)
Confirm with . or Enter, or press ? or * to list all spells.
Aiming: Shock (safe; 6% risk of failure)
Press: ? - help, Shift-Dir - straight line, f - scorpion
Aim: a scorpion (68% to hit)
The zap hits the hobgoblin.
You kill the hobgoblin!
The zap misses the scorpion.
Casting: Shock (safe; 6% risk of failure)
Confirm with . or Enter, or press ? or * to list all spells.
Aiming: Shock (safe; 6% risk of failure)
Press: ? - help, Shift-Dir - straight line, p - scorpion The zap misses the scorpion.
The zap hits the scorpion.
The scorpion is lightly wounded.
Casting: Shock (safe; 6% risk of failure)
Confirm with . or Enter, or press ? or * to list all spells.
Aiming: Shock (safe; 6% risk of failure)
Press: ? - help, Shift-Dir - straight line The zap misses the scorpion.
The zap hits the scorpion.
The scorpion is moderately wounded.
The scorpion stings you. x2
* * * LOW HITPOINT WARNING * * *
Unknown command.
Casting: Shock (safe; 6% risk of failure)
Confirm with . or Enter, or press ? or * to list all spells.
Aiming: Shock (safe; 6% risk of failure)
Press: ? - help, Shift-Dir - straight line The zap hits the scorpion but does no damage.
The scorpion is moderately wounded.
The zap misses the scorpion.
The scorpion stings you but does no damage.
Unknown command.
An adder comes into view.
The scorpion stings you.
* * * LOW HITPOINT WARNING * * *
You are lethally poisoned!
The scorpion poisons you!
It was a potion of attraction.
You feel attractive to monsters.
You die...

.# ##.# ...# #..#
#..# #..# #
#..#.####
#.#@.S..... #
#.#s##..... #.
#.#.########
#..#<#.........
#..#.#.........
#...........#.
####.#.#.........
.......<....#####
#####..##.......


You could see a scorpion and an adder (asleep).

Vanquished Creatures
  A dart slug (D:1)
  4 bats (D:1)
  An endoplasm (D:1)
  A giant cockroach (D:2)
  2 goblins (D:1)
  2 hobgoblins
  4 jackals (D:1)
  3 kobolds (D:1)
  3 quokkas (D:1)
  2 ball pythons (D:1)
  3 frilled lizards (D:1)
  4 rats (D:1)
30 creatures vanquished.

Notes
Turn   | Place    | Note
-------+----------+-------------------------------------------
     0 | D:1      | RepoMan the Vine Stalker Air Elementalist began the quest
                  | for the Orb.
     0 | D:1      | Reached XP level 1. HP: 9/9 MP: 4/4
   236 | D:1      | Reached XP level 2. HP: 5/13 MP: 1/6
   417 | D:1      | Learned a level 2 spell: Static Discharge
   937 | D:1      | Reached XP level 3. HP: 16/16 MP: 3/7
  1399 | D:2      | Noticed a scorpion
  1413 | D:2      | Succumbed to a scorpion's poison

Illustrated notes

Levels and vault maps discovered:
D:1:      amcnicky_arrival_wind_blow, layout_basic, minmay_misc_feat_ornament
D:2:      layout_basic, serial_shops, nicolae_shop_behind_doors, uniq_robin

Action                   || total
-------------------------++-------
Melee: Unarmed           ||     7
       Bite              ||     5
       Whip              ||     5
 Cast: Shock             ||    51
  Use: Potion            ||     1
Armor: Robe              ||     8
Dodge: Dodged            ||    27
